 Dungeon Crawl Stone Soup version 0.26.0-3-g156281e41b (webtiles) character file.

Game seed: 16097549688514773964

458 apoch the Cleaver (level 6, -5/51 HPs)
             Began as a Minotaur Fighter on Jan 10, 2021.
             Was a Follower of Zin.
             Slain by Duvessa
             ... wielding a +0 short sword
              (8 damage)
             ... on level 4 of the Dungeon.
             The game lasted 00:03:58 (2516 turns).

apoch the Cleaver (Minotaur Fighter)                Turns: 2516, Time: 00:03:58

Health: -5/51      AC: 10    Str: 21    XL:     6   Next: 77%
Magic:  0/5        EV:  5    Int:  5    God:    Zin [*.....]
Gold:   69         SH:  9    Dex: 11    Spells: 5/5 levels left

rFire    . . .     SeeInvis .   a - +0 war axe
rCold    . . .     Faith    .   c - +0 kite shield
rNeg     . . .     Spirit   +   d - +0 chain mail
rPois    .         Reflect  .   (helmet restricted)
rElec    .         Harm     .   l - +0 cloak
rCorr    .         Rampage  .   (no gloves)
Will     .....                  (no boots)
Stlth    ..........             f - amulet of guardian spirit
HPRegen  0.17/turn              (no ring)
MPRegen  0.09/turn              (no ring)

@: no status effects
A: retaliatory headbutt, horns 2
a: Renounce Religion, Recite, Donate Gold


You were on level 4 of the Dungeon.
You worshipped Zin.
Zin was aware of your devotion.
You visited 1 branch of the dungeon, and saw 4 of its levels.

You collected 155 gold pieces.
You donated 86 gold pieces to Zin.

Inventory:

Hand Weapons
 a - a +0 war axe (weapon)
Armour
 b - a +0 scale mail
 c - a +0 kite shield (worn)
 d - a +0 chain mail (worn)
 l - a +0 cloak (worn)
Jewellery
 f - an amulet of guardian spirit (around neck)
 k - a +6 ring of dexterity {unknown}
 q - a +6 ring of intelligence {unknown}
Scrolls
 e - a scroll of enchant weapon {unknown}
 j - 6 scrolls of identify {unknown}
 n - 2 scrolls of amnesia {unknown}
 o - 2 scrolls of magic mapping {unknown}
 r - a scroll of blinking {unknown}
 s - a scroll of fear {unknown}
 t - a scroll of noise {unknown}
Potions
 g - 2 potions of heal wounds {unknown}
 h - a potion of magic {unknown}
 i - 3 potions of curing {unknown}
 m - a potion of attraction {unknown}
 p - a potion of flight {unknown}
 u - a potion of brilliance {unknown}


   Skills:
 - Level 3.6 Fighting
 + Level 8.9 Axes
 - Level 3.6 Armour
 - Level 3.6 Shields


You had 5 spell levels left.
You didn't know any spells.
Your spell library was empty.

Dungeon Overview and Level Annotations

Branches:
Dungeon (4/15)
 Temple: D:4-7

Altars:
Zin

Annotations:
D:4 Duvessa


Innate Abilities, Weirdness & Mutations

You reflexively headbutt those who attack you in melee.
You have a pair of horns on your head.


Message History

"Zin looked out upon the remains of the squalid dregs..."
Duvessa barely misses you. You furiously retaliate!
You headbutt Duvessa!
You block the centaur skeleton's attack.
The hound skeleton bites you but does no damage.
Duvessa completely misses you. You furiously retaliate!
You headbutt Duvessa.
You block the centaur skeleton's attack.
You block the hound skeleton's attack.
Unknown command.
You hit Duvessa. You headbutt Duvessa, but do no damage.
Duvessa is severely wounded.
You hit the centaur skeleton.
You barely miss the hound skeleton. "...and declared it good that they had been..."
Duvessa hits you with a +0 short sword.
* * * LOW HITPOINT WARNING * * *
You block the centaur skeleton's attack.
The hound skeleton bites you but does no damage. "...expelled.
And thus justice was done."
You finish reciting Abominations 16:42.
Duvessa hits you with a +0 short sword!
You die...

..# ...#### ..
....... ..#
...?... ..
.......
#.#.......
#####.........
#....†))......
###e†# # #.@Z.#
###.###.###.....
#....<..# .....
......#####
...<. ....#
..... ... #### .


You could see Duvessa (berserk) and a hound skeleton.

Vanquished Creatures
  Sigmund (D:2)
  An ogre (D:4)
  Dowan (D:4)
  An orc wizard (D:3)
  6 adders
  3 oozes
  A worm (D:3)
  3 dart slugs
  2 leopard geckos (D:1)
  6 orcs (D:3)
  3 giant cockroaches
  7 goblins
  7 hobgoblins
  6 jackals
  3 bats
  8 kobolds
  4 rats
63 creatures vanquished.

Notes
Turn   | Place    | Note
-------+----------+-------------------------------------------
     0 | D:1      | apoch the Minotaur Fighter began the quest for the Orb.
     0 | D:1      | Reached XP level 1. HP: 19/19 MP: 0/0
    92 | D:1      | Reached skill level 3 in Axes
   200 | D:1      | Reached XP level 2. HP: 23/26 MP: 1/1
   958 | D:2      | Reached skill level 4 in Axes
   969 | D:2      | Reached XP level 3. HP: 17/31 MP: 2/2
  1190 | D:2      | Noticed Sigmund
  1197 | D:2      | Killed Sigmund
  1198 | D:2      | Reached skill level 7 in Axes
  1198 | D:2      | Reached XP level 4. HP: 37/39 MP: 3/3
  1198 | D:2      | Reached XP level 5. HP: 43/45 MP: 4/4
  1987 | D:3      | Reached XP level 6. HP: 49/51 MP: 5/5
  2263 | D:3      | Reached skill level 8 in Axes
  2407 | D:3      | Found a glowing silver altar of Zin.
  2472 | D:3      | Became a worshipper of Zin the Law-Giver
  2472 | D:3      | Reached * piety under Zin
  2473 | D:3      | Donated 71 gold pieces to Zin
  2501 | D:4      | Noticed Duvessa
  2501 | D:4      | Noticed Dowan
  2509 | D:4      | Killed Dowan
  2516 | D:4      | Slain by Duvessa

Illustrated notes

Levels and vault maps discovered:
D:1:      dpeg_arrival_short_road, layout_basic, minmay_misc_feat_alley,
          supply_closet_lemuel, roderic_roman_lattice, minmay_box_of_dots
D:2:      layout_loops_ring, uniq_sigmund
D:3:      layout_loops_corners, zin_academy
D:4:      layout_rooms, uniq_duvessa

Skill      XL: |  1  2  3  4  5  6 |
---------------+-------------------+-----
Axes           | 3 4 7 8 |  8.9
Fighting       | |  3.6
Armour         | |  3.6
Shields        | |  3.6

Action                   |  1- 3 |  4- 6 || total
-------------------------+-------+-------++-------
Melee: War axe           |    44 |    95 ||   139
       Headbutt          |     9 |    13 ||    22
Invok: Recite            |       |     1 ||     1
       Donate Gold       |       |     1 ||     1
  Use: Potion            |     1 |       ||     1
Armor: Scale mail        |    17 |     2 ||    19
       Chain mail        |       |    43 ||    43
Dodge: Dodged            |    17 |    24 ||    41
Block: Kite shield       |    28 |    45 ||    73
